 Dungeon Crawl Stone Soup version 0.31.0-11-ge490571c62 (webtiles) character file.

Game seed: 10337128170803078538

3378 moscaloca the Thaumaturge (level 9, -20/62 HPs)
             Began as a White Draconian Air Elementalist on Feb 5, 2024.
             Was a Plaything of Xom.
             Demolished by a two-headed ogre
             ... wielding a +0 giant club
              (23 damage)
             ... on level 8 of the Dungeon.
             The game lasted 01:27:36 (9647 turns).

moscaloca the Thaumaturge (DrAE)                    Turns: 9647, Time: 01:27:36

Health: -20/62     AC: 11    Str:  7    XL:     9   Next: 74%
Magic:  27/29      EV: 14    Int: 17    God:    Xom [...*..]
Gold:   152        SH:  5    Dex: 20    Spells: 20/28 levels left

rFire   . . .        l - staff of air
rCold   + . .        I - orb {mayhem}
rNeg    . . .        (body armour unavailable)
rPois   .            (helmet restricted)
rElec   +            (no cloak)
rCorr   .            (no gloves)
SInv    .            (no boots)
Will    .....        C - amulet of reflection
Stlth   ++           k - ring of magical power
HPRegen 0.30/turn    u - +4 ring of protection
MPRegen 0.21/turn

%: mayhem, reflection
@: brilliant
A: breathe frost, AC +7, unfitting armour, cold resistance 1, cold-blooded,
agile 2, low MP 1, teleportitis 1, weak 1, noise suppression
a: Breathe Frost, Renounce Religion


You were on level 8 of the Dungeon.
You worshipped Xom.
You were a favourite toy of Xom.
You visited 2 branches of the dungeon, and saw 9 of its levels.

You collected 240 gold pieces.
You spent 88 gold pieces at shops.

Inventory:

Hand Weapons
 d - a +0 dagger
 g - a +0 club
 i - a +1 short sword of flaming
 n - a +0 war axe
 s - a +0 falchion
 z - a +0 dagger of holy wrath
 A - a +0 dagger of venom
 M - a +0 mace
 O - a +2 battleaxe
 P - a +3 falchion of freezing
 Q - a +5 flail
 R - a +3 long sword
Missiles
 F - 13 poisoned darts
 L - a curare-tipped dart
Armour
 f - a +4 ring mail
 y - a +1 helmet of intelligence
 I - an orb of mayhem (worn)
Magical Staves
 l - a staff of air (weapon)
Jewellery
 h - an amulet of the acrobat
 j - a ring of resist corrosion
 k - a ring of magical power (left hand)
 u - a +4 ring of protection (right hand)
 v - a ring of positive energy
 C - an amulet of reflection (around neck)
 H - a ring of positive energy
Talismans
 K - a beast talisman
Wands
 D - a wand of digging (6)
Scrolls
 o - 2 scrolls of immolation
 q - a scroll of noise {unknown}
 r - a scroll of poison
 t - a scroll of vulnerability {unknown}
 w - 3 scrolls of enchant weapon
 G - a scroll of summoning {unknown}
 J - a scroll of identify
Potions
 a - 2 potions of magic
 b - 3 potions of might
 c - 3 potions of ambrosia
 e - 4 potions of curing
 m - 3 potions of lignification
 p - a potion of enlightenment
 x - a potion of mutation {unknown}
 B - a potion of degeneration {unknown}
 E - a potion of cancellation {unknown}
 N - a potion of haste {unknown}


   Skills:
 - Level 0.8 Short Blades
 - Level 4.0 Dodging
 - Level 1.7 Stealth
 + Level 0.3 Shields
 + Level 10.2 Spellcasting
 - Level 1.0 Conjurations
 - Level 8.2 Air Magic


You had 20 spell levels left.
You knew the following spells:

 Your Spells              Type           Power      Damage    Failure   Level
a - Shock                 Conj/Air       100%       1d9       1%          1
b - Swiftness             Air            70%        N/A       1%          3
c - Airstrike             Air            35%        2d(5-21)  2%          4

Your spell library contained the following spells:

 Spells                   Type           Power      Damage    Failure   Level
 Static Discharge         Conj/Air       100%       3-8/arc   1%          2
 Lesser Beckoning         Tloc           26%        N/A       13%         2
 Frozen Ramparts          Ice            26%        1d4       26%         3
 Gell's Gravitas          Tloc           13%        N/A       26%         3
 Teleport Other           Tloc           13%        N/A       26%         3
 Tukima's Dance           Hex            13%        N/A       26%         3
 Iskenderun's Mystic Bla  Conj/Tloc      15%        2d5       56%         4
 Dimensional Bullseye     Hex/Tloc       6%         N/A       63%         4
 Leda's Liquefaction      Alch/Erth      6%         N/A       63%         4
 Olgreb's Toxic Radiance  Alch           13%        N/A       63%         4
 Petrify                  Alch/Erth      13%        N/A       63%         4
 Metabolic Englaciation   Hex/Ice        6%         N/A       93%         5
 Ozocubu's Refrigeration  Ice            6%         4d8       100%        7
 Discord                  Hex            6%         N/A       100%        8


Dungeon Overview and Level Annotations

Branches:
Dungeon (8/15)             Temple (1/1) D:5
   Lair: D:8-11

Altars:
Ashenzari
Cheibriados
Dithmenos
Elyvilon
Fedhas
Gozag
Hepliaklqana
Kikubaaqudgha
Makhleb
Nemelex Xobeh
Okawaru
Qazlal
Sif Muna
Trog
Uskayaw
Vehumet
Wu Jian
Xom
Yredelemnul
Zin
The Shining One

Shops:
D:3 (   D:7 *

Annotations:
D:8 Amaemon


Innate Abilities, Weirdness & Mutations

You can breathe waves of freezing cold which knock back foes.
Your icy white scales are hard. (AC +7)
You cannot fit into any form of body armour.
Your flesh is cold resistant. (rC+)
You are cold-blooded and may be slowed by cold attacks.
You are very agile. (Dex +8, Str/Int -2)
Your magical capacity is low. (-10% MP)
You are occasionally teleported next to monsters.
You are weak. (Str -2)
You passively dampen the noise of your surroundings.


Message History

You destroy the wight!
Things that are here:
a +3 flail; a +0 robe You start resting. "This place needs a little more atmosphere."
You start resting.
HP restored.
Okay, then.
There is an escape hatch in the floor here.
You can't go up here!
You slide downwards.
The hatch slams shut behind you.
Level annotation: Amaemon
Found a helmet.
You see here a +0 helmet.
A two-headed ogre comes into view. It is wielding two +0 giant clubs.
The two-headed ogre shouts in stereo! "Go forth and cause havoc, mortal!"
You feel clever all of a sudden.
Aiming: Airstrike (dangerous; 2% risk of failure)
Press: ? - help, Q - select action, (/) - cycle Dir - move target, f - two-headed ogre
Aim: a two-headed ogre, wielding two +0 giant clubs (empty space bonus: 7/8)
You feel a strong surge of power!
The air twists around and strikes the two-headed ogre!!
The two-headed ogre is severely wounded.
The two-headed ogre attacks as it pursues you!
The two-headed ogre closely misses you. x2
Aiming: Airstrike (dangerous; 2% risk of failure)
Press: ? - help, Q - select action, (/) - cycle Dir - move target, f/p - two-headed ogre
Aim: a two-headed ogre, wielding two +0 giant clubs (heavily wounded, empty space bonus: 7/8)
You feel a strong surge of power!
The air twists around and strikes the two-headed ogre!
The two-headed ogre is almost dead.
The two-headed ogre hits you with a +0 giant club!
The two-headed ogre hits you with a +0 giant club!!
An acid dragon comes into view.
The two-headed ogre hits you with a +0 giant club!!
* * * LOW HITPOINT WARNING * * *
The two-headed ogre hits you with a +0 giant club!!
You die...
Xom guffaws!

.........#
.........#
.........#
.....D...#######+
................
...............
#...........
###.○§@.......
#..☼.O###.....
#.°...# ...
#.°.### . #...# #
#...# ## ###...#
[## #.....#
..#######....##


You could see a two-headed ogre and an acid dragon (asleep).

Vanquished Creatures
  An orange demon (D:8)
  Grinder (D:6)
  Eustachio (D:5)
  A black bear (D:6)
  A sky beast (D:6)
  2 ice beasts
  4 ogres
  A kobold brigand (D:7)
  2 bullfrogs
  6 scorpions
  5 wights
  Dowan (D:4)
  4 howler monkeys
  A hound (D:5)
  3 jellies
  5 orc priests
  A bombardier beetle (D:5)
  Jessica (D:3)
  Terence (D:2)
  5 iguanas
  6 gnolls
  7 adders
  2 shadow imps
  2 white imps
  2 ufetubi (D:7)
  2 dart slugs
  A ribbon worm (D:3)
  17 orcs
  7 bats
  11 endoplasms
  3 giant cockroaches
  12 hobgoblins
  3 jackals (D:1)
  4 quokkas
  7 ball pythons
  3 frilled lizards
  4 goblins
  10 kobolds
  5 rats
155 creatures vanquished.

Vanquished Creatures (collateral kills)
  Menkaure (D:5)
  A phantom (D:4)
  A wight (D:7)
  A sleepcap (D:4)
4 creatures vanquished.

Vanquished Creatures (others)
  An orc priest (D:7)
1 creature vanquished.

Grand Total: 160 creatures vanquished

Notes
Turn   | Place    | Note
-------+----------+-------------------------------------------
     0 | D:1      | moscaloca the Draconian Air Elementalist began the quest
                  | for the Orb.
     0 | D:1      | Reached XP level 1. HP: 14/14 MP: 3/3
   455 | D:1      | Reached XP level 2. HP: 18/20 MP: 5/5
  1089 | D:1      | Reached XP level 3. HP: 26/26 MP: 1/6
  1439 | D:1      | Learned a level 3 spell: Swiftness
  1939 | D:1      | Reached XP level 4. HP: 23/33 MP: 1/7
  2162 | D:2      | Noticed Terence
  2200 | D:2      | Killed Terence
  2625 | D:2      | Found a faded altar of an unknown god.
  2634 | D:2      | Prayed at the altar of an unknown god.
  2634 | D:2      | Became a worshipper of Xom of Chaos
  2766 | D:2      | Reached XP level 5. HP: 38/38 MP: 6/8
  2815 | D:2      | XOM: silly message
  3017 | D:3      | XOM: smoke on damage
  3220 | D:3      | XOM: divination: magic mapping
  3444 | D:3      | XOM: divination: magic mapping
  3520 | D:3      | Found Ufozam's Antique Weapon Emporium.
  3710 | D:3      | Reached skill level 5 in Air Magic
  3902 | D:3      | XOM: 9-stop teleportation journey
  3929 | D:3      | XOM: 4-stop teleportation journey
  4079 | D:3      | Noticed Jessica
  4089 | D:3      | XOM: silly message
  4095 | D:3      | Killed Jessica
  4096 | D:3      | Reached XP level 6. HP: 44/45 MP: 9/9
  4427 | D:4      | XOM: butterfly on damage
  4436 | D:4      | XOM: draining
  4577 | D:4      | Found an iron altar of Okawaru.
  4594 | D:4      | Found a shimmering altar of Xom.
  4793 | D:4      | Noticed Dowan
  4795 | D:4      | Noticed Duvessa
  4800 | D:4      | XOM: noise
  4804 | D:4      | XOM: potion effect (invisibility)
  4822 | D:4      | XOM: cast spell 'Olgreb's Toxic Radiance'
  4823 | D:4      | XOM: silly message
  4834 | D:4      | Killed Dowan
  4858 | D:4      | XOM: potion effect (invisibility)
  4877 | D:4      | Duvessa changed into Duvessa the giant cockroach
  4877 | D:4      | Noticed Duvessa
  4877 | D:4      | XOM: polymorph Duvessa -> Duvessa the giant cockroach
  4879 | D:4      | Killed Duvessa the giant cockroach
  5006 | D:4      | XOM: 9-stop teleportation journey
  5019 | D:4      | Your scales start taking on an icy white colour.
  5019 | D:4      | Reached XP level 7. HP: 46/50 MP: 10/10
  5019 | D:4      | Gained mutation: Your flesh is cold resistant. (rC+) [White
                  | Draconian growth]
  5115 | D:4      | XOM: polymorph orc wizard -> frilled lizard
  5237 | D:4      | XOM: noise
  5288 | D:5      | Entered Level 5 of the Dungeon
  5412 | D:4      | Learned a level 4 spell: Airstrike
  5514 | D:5      | Reached skill level 3 in Spellcasting
  5528 | D:5      | XOM: cast spell 'Summon Ice Beast'
  5536 | D:5      | Noticed Menkaure
  5541 | D:5      | Killed Menkaure
  5548 | D:5      | Reached XP level 8. HP: 57/57 MP: 2/13
  5562 | D:5      | Noticed Prince Ribbit
  5567 | D:5      | Prince Ribbit changed into Prince Ribbit the gnoll
  5567 | D:5      | Noticed Prince Ribbit
  5567 | D:5      | XOM: polymorph Prince Ribbit -> Prince Ribbit the gnoll
  5580 | D:4      | XOM: give mutation
  5580 | D:4      | Gained mutation: You passively dampen the noise of your
                  | surroundings. [Xom's grace]
  5581 | D:4      | XOM: smoke on damage
  5584 | D:4      | XOM: summons 5 friendly demons
  5592 | D:4      | Reached skill level 4 in Spellcasting
  5802 | D:4      | XOM: summons 1 hostile demon
  5870 | D:5      | Killed Prince Ribbit the gnoll
  5939 | D:5      | Noticed Eustachio
  5940 | D:5      | XOM: enchant monster (bad)
  5942 | D:5      | Killed Eustachio
  5943 | D:5      | Reached skill level 5 in Spellcasting
  5960 | D:5      | XOM: enchant monster (bad)
  6215 | D:5      | Reached skill level 6 in Spellcasting
  6336 | D:5      | Found a staircase to the Ecumenical Temple.
  6577 | D:5      | Found an opulent altar of Gozag.
  6789 | Temple   | Entered the Ecumenical Temple
  6898 | D:6      | Found a stormy altar of Qazlal.
  7141 | D:6      | Reached skill level 7 in Spellcasting
  7357 | D:6      | Noticed Grinder
  7362 | D:6      | Paralysed by Grinder for 2 turns
  7364 | D:6      | Killed Grinder
  7365 | D:6      | Reached XP level 9. HP: 62/62 MP: 17/20
  7602 | D:6      | Found a bloodstained altar of Trog.
  7661 | D:6      | Reached skill level 8 in Spellcasting
  7876 | D:7      | Found Ivviyvuz's Assorted Antiques.
  7896 | D:7      | Bought 2 scrolls of identify for 88 gold pieces
  8342 | D:7      | XOM: give mutations
  8342 | D:7      | Gained mutation: You occasionally lose the ability to drink
                  | potions when taking damage. [Xom's mischief]
  8342 | D:7      | Lost mutation: You occasionally lose the ability to drink
                  | potions when taking damage. [Xom's mischief]
  8574 | D:7      | XOM: give mutations
  8574 | D:7      | Gained mutation: Your magical capacity is low. (-10% MP)
                  | [Xom's mischief]
  8574 | D:7      | Gained mutation: You have supernaturally acute eyesight.
                  | (SInv) [Xom's mischief]
  8574 | D:7      | Lost mutation: You have supernaturally acute eyesight.
                  | (SInv) [Xom's mischief]
  8785 | D:7      | Reached skill level 9 in Spellcasting
  8976 | D:7      | XOM: silly message
  9009 | D:7      | XOM: give mutations
  9009 | D:7      | Gained mutation: Your body sometimes deteriorates upon
                  | taking damage. [Xom's mischief]
  9009 | D:7      | Gained mutation: You are weak. (Str -2) [Xom's mischief]
  9009 | D:7      | Lost mutation: Your body sometimes deteriorates upon taking
                  | damage. [Xom's mischief]
  9009 | D:7      | Gained mutation: You are occasionally teleported next to
                  | monsters. [Xom's mischief]
  9236 | D:7      | XOM: give mutations
  9236 | D:7      | Gained mutation: You are agile. (Dex +4, Str/Int -1) [Xom's
                  | grace]
  9236 | D:7      | Gained mutation: You are very agile. (Dex +8, Str/Int -2)
                  | [Xom's grace]
  9298 | D:8      | Noticed an orange demon
  9301 | D:8      | Killed an orange demon
  9343 | D:8      | XOM: cloud trail
  9382 | D:8      | Noticed Amaemon
  9487 | D:8      | Reached skill level 10 in Spellcasting
  9507 | D:8      | XOM: enchant monster (good)
  9602 | D:7      | XOM: cloud trail
  9633 | D:8      | Noticed a two-headed ogre
  9638 | D:8      | XOM: potion effect (brilliance)
  9647 | D:8      | HP: 3/62 [two-headed ogre/+0 giant club (20)]
  9647 | D:8      | Demolished by a two-headed ogre

Illustrated notes

Levels and vault maps discovered:
D:1:      lemuel_arrival_rhombus, layout_basic, serial_forest,
          infiniplex_forest_clump_double, infiniplex_forest_corner_1,
          infiniplex_forest_zigzag_2, infiniplex_forest_zigzag_1
D:2:      layout_basic, basic_ecumenical_altar, minmay_circle_x, uniq_terence
D:3:      layout_basic, serial_shops, nicolae_shop_tiny_real_fake_doors,
          minmay_fountain_box, kennysheep_cluttered_room, chequers_mini_garden,
          uniq_jessica
D:4:      layout_loops_ring, mainiacjoe_overflow_swirl, corexii_corridor_pit,
          uniq_duvessa
D:5:      layout_cave_pools, overflow_temple_1_default, temple_hall,
          uniq_menkaure, uniq_prince_ribbit1, uniq_eustachio
D:6:      layout_basic, mainiacjoe_overflow_paths, lemuel_crystal_altar,
          kennysheep_generic_room_8, uniq_grinder
D:7:      layout_cave_pods, serial_shops, shop, supply_closet_lemuel
D:8:      layout_basic, hangedman_decor_peaks_small, uniq_amaemon
Temple:   eino_temple_rhombus

Skill      XL: |  1  2  3  4  5  6  7  8  9 |
---------------+----------------------------+-----
Dodging        | 2 3 4 |  4.0
Air Magic      | 5 6 8 |  8.2
Spellcasting   | 3 7 10 | 10.2
Short Blades   | |  0.8
Stealth        | |  1.7
Shields        | |  0.3
Conjurations   | |  1.0

Action                     |  1- 3 |  4- 6 |  7- 9 || total
---------------------------+-------+-------+-------++-------
  Melee: Club              |    27 |       |       ||    27
         Tailslap          |    13 |     6 |     8 ||    27
         Unarmed           |     1 |       |       ||     1
         Short sword       |    14 |       |       ||    14
         Staff             |    13 |    72 |    65 ||   150
   Cast: Shock             |    66 |   116 |    27 ||   209
         Swiftness         |       |     2 |     1 ||     3
         Airstrike         |       |       |    89 ||    89
Ability: Breathe Frost     |       |       |     5 ||     5
    Use: Scroll            |     4 |     6 |     3 ||    13
         Potion            |       |       |     1 ||     1
   Stab: Sleeping          |     1 |       |     2 ||     3
 Armour: Skin              |    41 |    44 |    67 ||   152
  Dodge: Dodged            |    91 |    68 |    81 ||   240
  Block: Other             |       |       |     6 ||     6
